AoeStats
← Death_Rider

Golden Pit

508866663Analyzed
1v1 RM · 9d ago on Sep 24, 2026· 50m 40s· 2 players
Game mode
Random Map
Map size
Tiny (2 player)
Population
200
Speed
Normal
Resources
Standard
Victory
Conquest
Starting age
Dark Age
Ending age
Imperial Age
RankedLock teamsTeams togetherTeam positionsShared explorationLock speedFull tech treeHidden civsTurbo modeCheats
Victory
Defeat
🇩🇪 Lithuanians · Germany
1059
+15
🇫🇷 Ethiopians · France
1044
-15
charles.fleury03
4:55 Loom
11:24 Feudal Age
12:09 Double-Bit Axe
15:50 Castle Age
14:41 Horse Collar
17:08 Scale Mail Armor
25:19 Bow Saw
26:28 Wheelbarrow
28:32 Forging
28:09 Crossbowman
29:28 Fletching
30:15 Bodkin Arrow
30:34 Town Watch
31:00 Padded Archer Armor
33:11 Leather Archer Armor
33:46 Thumb Ring
35:10 Chain Mail Armor
40:33 Imperial Age
38:27 Stone Mining
38:30 Gold Mining
40:44 Iron Casting
40:53 Arbalester
42:46 Bracer
44:06 Royal Heirs
44:34 Hand Cart
44:52 Ring Archer Armor
46:16 Chemistry
47:16 Ballistics
Death_Rider
5:26 Loom
8:53 Feudal Age
9:19 Double-Bit Axe
9:44 Horse Collar
17:27 Forging
18:44 Gold Mining
19:27 Scale Barding Armor
19:54 Fletching
23:12 Castle Age
23:37 Bloodlines
23:33 Padded Archer Armor
24:12 Bow Saw
24:07 Husbandry
27:51 Chain Barding Armor
30:14 Iron Casting
29:35 Bodkin Arrow
29:46 Stone Mining
30:54 Elite Skirmisher
34:00 Leather Archer Armor
38:13 Imperial Age
36:53 Ballistics
37:42 Wheelbarrow
36:53 Town Watch
39:06 Bracer
38:53 Cavalier
39:28 Treadmill Crane
40:10 Thumb Ring
41:01 Conscription
42:07 Stone Shaft Mining
43:29 Tower Shields
44:06 Hoardings
45:05 Plate Barding Armor
45:00 Elite Leitis
45:46 Guard Tower
47:24 Masonry
48:43 Chemistry
51:19 Architecture
51:39 Keep
Connection lost

Rejoining the realm…

Still unreachable

The connection could not be restored.

Session expired

The server has moved on; the page needs a fresh start.